NCAA
OKLAHOMA SOONERS @ BAYLOR BEARS
04/17/2028
 
TOP OF THE 1ST
Oklahoma Sooners batting - Pitching for Baylor Bears : RHP Chuck Davies
Pitching: RHP Chuck Davies
Batting: RHB Sidney Boyd 0-0: Called Strike
0-1: Ball
1-1: Ball
2-1: Reached on error, E2 (Popup, 23)
Batting: LHB Mark Watson 0-0: Ball
1-0: Called Strike
1-1: Ball
2-1: Ball
3-1: Called Strike
3-2: Fly out, F7 (Flyball, 7)
Batting: RHB Rafael Barajas 0-0: Ball
1-0: Ball
2-0: Called Strike
2-1: Ball
3-1: Called Strike
3-2: Strikes out swinging
Batting: RHB Albert Morán 0-0: Called Strike
0-1: Fly out, F8 (Flyball, 8RM)
Top of the 1st over - 0 run(s), 0 hit(s), 1 error(s), 1 left on base; Oklahoma 0 - Baylor 0
BOTTOM OF THE 1ST
Baylor Bears batting - Pitching for Oklahoma Sooners : RHP Tom Evans
Pitching: RHP Tom Evans
Batting: RHB Lloyd Arnette 0-0: Ball
1-0: Ball
2-0: Foul Ball, location: 2F
2-1: DOUBLE (Flyball, 78D)
Batting: RHB Mike Morrow 0-0: Ball
1-0: Ball
2-0: Foul Ball, location: 2F
2-1: Ball
3-1: Fly out, F8 (Flyball, 8RM)
Batting: SHB Ryan Roberts 0-0: Called Strike
0-1: Swinging Strike
0-2: Ball
1-2: SINGLE (Flyball, 78S)
Lloyd Arnette to third
Runner from 3rd tries for Home, SAFE, no throw
Batting: LHB Sergio García 0-0: Called Strike
0-1: Ball
1-1: Ball
2-1: Foul Ball, location: 2F
2-2: Ground out 4-3 (Groundball, 34)
Ryan Roberts to second
Batting: RHB Dave Coleman 0-0: Fly out, F7 (Flyball, 78D)
Bottom of the 1st over - 1 run(s), 2 hit(s), 0 error(s), 1 left on base; Oklahoma 0 - Baylor 1
TOP OF THE 2ND
Oklahoma Sooners batting - Pitching for Baylor Bears : RHP Chuck Davies
Batting: RHB Bryant Caldwell 0-0: Ball
1-0: Swinging Strike
1-1: Foul Ball, location: 2F
1-2: Strikes out swinging
Batting: SHB Allen King 0-0: Foul Ball, location: 2F
0-1: Ball
1-1: Fly out, F8 (Line Drive, 8LD)
Batting: LHB Pancho Sardiña 0-0: Foul Ball, location: 2F
0-1: Foul Ball, location: 2F
0-2: Ball
1-2: Strikes out swinging
Top of the 2nd over - 0 run(s), 0 hit(s), 0 error(s), 0 left on base; Oklahoma 0 - Baylor 1
BOTTOM OF THE 2ND
Baylor Bears batting - Pitching for Oklahoma Sooners : RHP Tom Evans
Batting: LHB Pepe González 0-0: Ball
1-0: Foul Ball, location: 2F
1-1: Swinging Strike
1-2: Strikes out swinging
Batting: RHB John Davis 0-0: Called Strike
0-1: Ball
1-1: Called Strike
1-2: Strikes out swinging
Batting: RHB Deron Simmons 0-0: Called Strike
0-1: Swinging Strike
0-2: Strikes out swinging
Bottom of the 2nd over - 0 run(s), 0 hit(s), 0 error(s), 0 left on base; Oklahoma 0 - Baylor 1
TOP OF THE 3RD
Oklahoma Sooners batting - Pitching for Baylor Bears : RHP Chuck Davies
Batting: RHB Elliott Crouch 0-0: Ball
1-0: Called Strike
1-1: Foul Ball, location: 2F
1-2: Foul Ball, location: 2F
1-2: Foul Ball, location: 2F
1-2: Strikes out swinging
Batting: RHB Fernando Gómez 0-0: Called Strike
0-1: Swinging Strike
0-2: SINGLE (Line Drive, 6MD)
Batting: RHB Sidney Boyd 0-0: Ball
1-0: Ball
2-0: Foul Ball, location: 2F
2-1: Ground out 6-3 (Groundball, 6MD)
Fernando Gómez to second
Batting: LHB Mark Watson 0-0: Ball
1-0: Called Strike
1-1: Ball
2-1: Swinging Strike
2-2: Ball
3-2: Strikes out swinging
Top of the 3rd over - 0 run(s), 1 hit(s), 0 error(s), 1 left on base; Oklahoma 0 - Baylor 1
BOTTOM OF THE 3RD
Baylor Bears batting - Pitching for Oklahoma Sooners : RHP Tom Evans
Batting: RHB Eric Turner 0-0: Ball
1-0: Ground out 5-3 (Groundball, 5)
Batting: RHB Lloyd Arnette 0-0: Ball
1-0: Swinging Strike
1-1: Ball
2-1: Foul Ball, location: 2F
2-2: Foul Ball, location: 2F
2-2: Ball
3-2: Base on Balls
Batting: RHB Mike Morrow 0-0: Called Strike
0-1: 2-RUN HOME RUN (Flyball, 7D), Distance : 368 ft
Batting: SHB Ryan Roberts 0-0: Swinging Strike
0-1: Called Strike
0-2: DOUBLE (Line Drive, 7LM)
Batting: LHB Sergio García 0-0: Ground out 1-3 (Groundball, 13S)
Ryan Roberts to third
Batting: RHB Dave Coleman 0-0: Foul Ball, location: 2F
0-1: Foul Ball, location: 2F
0-2: Foul Ball, location: 2F
0-2: Strikes out swinging
Bottom of the 3rd over - 2 run(s), 2 hit(s), 0 error(s), 1 left on base; Oklahoma 0 - Baylor 3
TOP OF THE 4TH
Oklahoma Sooners batting - Pitching for Baylor Bears : RHP Chuck Davies
Batting: RHB Rafael Barajas 0-0: Foul Ball, location: 2F
0-1: Fly out, F8 (Flyball, 89D)
Batting: RHB Albert Morán 0-0: Ball
1-0: Called Strike
1-1: Fly out, F4 (Line Drive, 4)
Batting: RHB Bryant Caldwell 0-0: Ground out 6-3 (Groundball, 6)
Top of the 4th over - 0 run(s), 0 hit(s), 0 error(s), 0 left on base; Oklahoma 0 - Baylor 3
BOTTOM OF THE 4TH
Baylor Bears batting - Pitching for Oklahoma Sooners : RHP Tom Evans
Batting: LHB Pepe González 0-0: Called Strike
0-1: Reached on error, E4 (Groundball, 4)
Batting: RHB John Davis 0-0: Ball
1-0: Fly out, F9 (Flyball, 89M)
Batting: RHB Deron Simmons 0-0: Ball
1-0: Ball
2-0: Fly out, F4 (Popup, 4MD)
Batting: RHB Eric Turner 0-0: Ball
1-0: Fly out, F4 (Line Drive, 4)
Bottom of the 4th over - 0 run(s), 0 hit(s), 1 error(s), 1 left on base; Oklahoma 0 - Baylor 3
TOP OF THE 5TH
Oklahoma Sooners batting - Pitching for Baylor Bears : RHP Chuck Davies
Batting: SHB Allen King 0-0: Ball
1-0: Ball
2-0: Ball
3-0: Base on Balls
Batting: LHB Pancho Sardiña 0-0: Called Strike
0-1: Ball
1-1: Foul Ball, location: 2F
1-2: Strikes out swinging
Batting: RHB Elliott Crouch 0-0: Ball
1-0: Ball
2-0: Called Strike
2-1: Swinging Strike
2-2: Strikes out swinging
Batting: RHB Fernando Gómez 0-0: Ball
1-0: Ball
2-0: SINGLE (Groundball, 6S) (infield hit)
Allen King to second
Batting: RHB Sidney Boyd 0-0: Foul Ball, location: 2F
0-1: Ball
1-1: Fly out, F8 (Line Drive, 8RM)
Top of the 5th over - 0 run(s), 1 hit(s), 0 error(s), 2 left on base; Oklahoma 0 - Baylor 3
BOTTOM OF THE 5TH
Baylor Bears batting - Pitching for Oklahoma Sooners : RHP Tom Evans
Batting: RHB Lloyd Arnette 0-0: Reached on error, E4 (Groundball, 4)
Batting: RHB Mike Morrow 0-0: Ball
1-0: Foul Ball, location: 2F
1-1: Ball
2-1: Fly out, F8 (Flyball, 8RM)
Batting: SHB Ryan Roberts 0-0: Ball
Lloyd Arnette is caught stealing 3rd base
1-0: Ball
2-0: Reached on error, E4 (Groundball, 34)
Batting: LHB Sergio García 0-0: Called Strike
0-1: Ball
1-1: Swinging Strike
1-2: Strikes out looking
Bottom of the 5th over - 0 run(s), 0 hit(s), 2 error(s), 1 left on base; Oklahoma 0 - Baylor 3
TOP OF THE 6TH
Oklahoma Sooners batting - Pitching for Baylor Bears : RHP Chuck Davies
Batting: LHB Mark Watson 0-0: Ball
1-0: Foul Ball, location: 2F
1-1: Foul Ball, location: 2F
1-2: Strikes out swinging
Batting: RHB Rafael Barajas 0-0: Fly out, F9 (Flyball, 9LS)
Batting: RHB Albert Morán 0-0: Called Strike
0-1: Ball
1-1: Foul Ball, location: 2F
1-2: Foul Ball, location: 2F
1-2: Strikes out swinging
Top of the 6th over - 0 run(s), 0 hit(s), 0 error(s), 0 left on base; Oklahoma 0 - Baylor 3
BOTTOM OF THE 6TH
Baylor Bears batting - Pitching for Oklahoma Sooners : RHP Tom Evans
Batting: RHB Dave Coleman 0-0: Called Strike
0-1: Called Strike
0-2: Ball
1-2: Strikes out swinging
Batting: LHB Pepe González 0-0: Called Strike
0-1: Ball
1-1: Ball
2-1: Called Strike
2-2: Foul Ball, location: 2F
2-2: SINGLE (Groundball, 56S) (infield hit)
Pitching: RHP Rafael Anariba
Batting: RHB John Davis 0-0: Ball
1-0: Foul Ball, location: 2F
1-1: Swinging Strike
1-2: Ball
2-2: Strikes out looking
Batting: RHB Deron Simmons 0-0: Ball
1-0: Ball
2-0: Swinging Strike
2-1: Called Strike
2-2: Strikes out looking
Bottom of the 6th over - 0 run(s), 1 hit(s), 0 error(s), 1 left on base; Oklahoma 0 - Baylor 3
TOP OF THE 7TH
Oklahoma Sooners batting - Pitching for Baylor Bears : RHP Chuck Davies
Pitching: RHP Enrique Bernal
Batting: RHB Bryant Caldwell 0-0: Swinging Strike
0-1: Ball
1-1: Ground out 5-3 (Groundball, 56S)
Batting: SHB Allen King 0-0: Called Strike
0-1: Called Strike
0-2: Foul Ball, location: 2F
0-2: Ball
1-2: Fly out, F7 (Flyball, 7)
Batting: LHB Pancho Sardiña 0-0: Ball
1-0: Called Strike
1-1: Swinging Strike
1-2: Foul Ball, location: 2F
1-2: Foul Ball, location: 2F
1-2: Strikes out looking
Top of the 7th over - 0 run(s), 0 hit(s), 0 error(s), 0 left on base; Oklahoma 0 - Baylor 3
BOTTOM OF THE 7TH
Baylor Bears batting - Pitching for Oklahoma Sooners : RHP Rafael Anariba
Batting: RHB Eric Turner 0-0: Ball
1-0: Ball
2-0: Ball
3-0: Base on Balls
Batting: RHB Lloyd Arnette 0-0: Sac Bunt - play at first, batter OUT! 5-3
Eric Turner to second
Batting: RHB Mike Morrow 0-0: Foul Ball, location: 2F
0-1: Ball
1-1: Ball
2-1: Ball
3-1: Foul Ball, location: 2F
3-2: Base on Balls
Batting: SHB Ryan Roberts 0-0: Ball
1-0: Ball
2-0: Called Strike
2-1: Ball
3-1: Called Strike
3-2: Fly out, F8 (Line Drive, 8LM)
Pitching: LHP Armando Durán
Batting: LHB Sergio García 0-0: Swinging Strike
0-1: Swinging Strike
0-2: Ball
1-2: Foul Ball, location: 2F
1-2: Ball
2-2: Strikes out swinging
Bottom of the 7th over - 0 run(s), 0 hit(s), 0 error(s), 2 left on base; Oklahoma 0 - Baylor 3
TOP OF THE 8TH
Oklahoma Sooners batting - Pitching for Baylor Bears : RHP Enrique Bernal
Batting: RHB Elliott Crouch 0-0: Called Strike
0-1: Ball
1-1: Ball
2-1: Called Strike
2-2: Strikes out swinging
Batting: RHB Fernando Gómez 0-0: Called Strike
0-1: Called Strike
0-2: Foul Ball, location: 2F
0-2: Ball
1-2: Strikes out swinging
Batting: RHB Sidney Boyd 0-0: Called Strike
0-1: Called Strike
0-2: Foul Ball, location: 2F
0-2: Foul Ball, location: 2F
0-2: Foul Ball, location: 2F
0-2: Ground out 6-3 (Groundball, 6)
Top of the 8th over - 0 run(s), 0 hit(s), 0 error(s), 0 left on base; Oklahoma 0 - Baylor 3
BOTTOM OF THE 8TH
Baylor Bears batting - Pitching for Oklahoma Sooners : LHP Armando Durán
Batting: RHB Dave Coleman 0-0: Ball
1-0: Called Strike
1-1: Ball
2-1: Ball
3-1: Foul Ball, location: 2F
3-2: Ground out 4-3 (Groundball, 4)
Pitching: RHP Andrew McCarthy
Batting: LHB Pepe González 0-0: Called Strike
0-1: Swinging Strike
0-2: Strikes out swinging
Batting: RHB John Davis 0-0: Ball
1-0: Ball
2-0: Ball
3-0: Base on Balls
Batting: RHB Deron Simmons 0-0: Ball
1-0: Foul Ball, location: 2F
1-1: Foul Ball, location: 2F
1-2: Strikes out looking
Bottom of the 8th over - 0 run(s), 0 hit(s), 0 error(s), 1 left on base; Oklahoma 0 - Baylor 3
TOP OF THE 9TH
Oklahoma Sooners batting - Pitching for Baylor Bears : RHP Enrique Bernal
Pitching: LHP Rob Grant
Batting: LHB Mark Watson 0-0: Ball
1-0: Bunt - Flyout! F2
Batting: RHB Rafael Barajas 0-0: Ball
1-0: Called Strike
1-1: Swinging Strike
1-2: Strikes out swinging
Batting: RHB Albert Morán 0-0: Foul Ball, location: 2F
0-1: Ball
1-1: Fly out, F8 (Flyball, 89S)
Top of the 9th over - 0 run(s), 0 hit(s), 0 error(s), 0 left on base; Oklahoma 0 - Baylor 3
Tuesday, August 8th, 2017 - OOTP Baseball 17.12 Build 75